 Dungeon Crawl Stone Soup version 0.28-a0-401-ge240ad9e29 (webtiles) character file.

Game seed: 11261186817784701752

14 omnomnOMINOUS the Sneak (level 2, -7/22 HPs)
             Began as an Octopode Wanderer on Sept 5, 2021.
             Mangled by a sixfirhy (14 damage)
             ... summoned by Xom
             ... on level 2 of the Dungeon.
             The game lasted 00:01:59 (735 turns).

omnomnOMINOUS the Sneak (Octopode Wanderer)          Turns: 735, Time: 00:01:59

Health: -7/22      AC:  1    Str: 13    XL:     2   Next: 45%
Magic:  2/2        EV: 13    Int: 12    God:
Gold:   75         SH:  0    Dex: 11    Spells: 1/1 levels left

rFire   . . .      SeeInvis .   a - +2 dagger
rCold   . . .      Faith    .   (no shield)
rNeg    . . .      Spirit   .   (helmet restricted)
rPois   +          Reflect  .   (no amulet)
rElec   .          Harm     .   i - ring of poison resistance
rCorr   .          Rampage  .   (no ring)
Will    .....                   (no ring)
Stlth   +++.......              (no ring)
HPRegen 0.07/turn               (no ring)
MPRegen 0.08/turn               (no ring)
                                (no ring)
                                (no ring)

@: no status effects
A: almost no armour, amphibious, 8 rings, camouflage 1, gelatinous body 1,
(nimble swimmer 1), tentacles
a: no special abilities


You were on level 2 of the Dungeon.
You visited 1 branch of the dungeon, and saw 2 of its levels.

You collected 75 gold pieces.

Inventory:

Hand Weapons
 a - a +2 dagger (weapon)
 d - a +0 quarterstaff
 f - a +0 falchion
Jewellery
 i - a ring of poison resistance (left tentacle)
Scrolls
 b - a scroll of blinking
 c - a scroll of teleportation
 g - a scroll of fear {unknown}
 k - a scroll of identify {unknown}
Potions
 e - a potion of curing {unknown}
 h - a potion of degeneration {unknown}
 j - 2 potions of haste {unknown}


   Skills:
 - Level 4.0 Fighting
 - Level 1.0 Long Blades
 - Level 1.0 Staves
 + Level 2.0 Dodging
 - Level 4.0 Stealth
 - Level 1.0 Shields


You had one spell level left.
You didn't know any spells.
Your spell library was empty.

Dungeon Overview and Level Annotations

Branches:
Dungeon (2/15)

Altars:
Xom


Innate Abilities, Weirdness & Mutations

You cannot wear most types of armour.
You are amphibious.
You can wear up to eight rings at the same time.
Your skin changes colour to match your surroundings (Stealth+).
Your rubbery body absorbs attacks. (AC +1, EV +1)
((You are camouflaged near water. (Stealth+)))
You have tentacles for arms and can constrict up to eight enemies at once.


Message History

No target in view!
No target in view!
No target in view!
k - a scroll labelled SADEKHLI PUTEI
Found 27 stones.
You see here 27 stones.
A worm comes into view.
You hit the worm. You grab the worm.
The worm is lightly wounded.
You constrict the worm. The worm misses you.
You hit the worm.
The worm is moderately wounded.
You constrict the worm. You hit the worm.
The worm is moderately wounded.
You constrict the worm. The worm bites you.
You hit the worm.
The worm is heavily wounded.
You constrict the worm. The worm bites you.
You hit the worm.
The worm is severely wounded.
You constrict the worm. You hit the worm.
The worm is almost dead.
You constrict the worm.
You kill the worm!
Your Dodging skill increases to level 2!
No target in view! "Fight to survive, mortal."
Unknown command.
Unknown command.
Unknown command.
The sixfirhy hits you. The sixfirhy shocks you!
Ouch! That really hurt!
The sixfirhy completely misses you. The sixfirhy barely misses you.
The chaos spawn barely misses you.
Unknown command.
The sixfirhy barely misses you. The sixfirhy hits you!
Ouch! That really hurt!
You die...

##.##..######....#
#####...##......#....##
...#..≈..#..(..........
#...≈≈≈........#######
###..≈..##............
##...###............
###.#####...........
####.#.................
#.....@<..##...........
#.....3...##...........
####..45.4...##...........
........55................
........555........^......
........55.............(..
..........................
.............##...........
..........................


You could see a sixfirhy (summoned), 2 chaos spawn, 2 iron imps, a quasit
(summoned), a crimson imp (summoned), a white imp (summoned), a shadow imp
(summoned) and 2 ufetubi.

Vanquished Creatures
  A worm (D:2)
  A bat (D:2)
  2 endoplasms
  A goblin (D:1)
  2 hobgoblins (D:1)
  2 kobolds (D:1)
  A ball python (D:1)
10 creatures vanquished.

Notes
Turn   | Place    | Note
-------+----------+-------------------------------------------
     0 | D:1      | omnomnOMINOUS the Octopode Wanderer began the quest for the
                  | Orb.
     0 | D:1      | omnomnOMINOUS set off with the following items: a +2
                  | dagger, a scroll of blinking, a scroll of teleportation, a
                  | +0 quarterstaff
     0 | D:1      | Reached XP level 1. HP: 17/17 MP: 1/1
   112 | D:1      | Reached skill level 1 in Dodging
   294 | D:1      | Reached XP level 2. HP: 22/22 MP: 2/2
   306 | D:1      | Found a faded altar of an unknown god.
   521 | D:1      | Became a worshipper of Xom of Unknown Intention
   533 | D:2      | Fell from the grace of Xom
   731 | D:2      | XOM: summons 11 hostile demons
   732 | D:2      | Noticed a crimson imp
   732 | D:2      | Noticed a chaos spawn
   732 | D:2      | Noticed a sixfirhy
   732 | D:2      | Noticed a chaos spawn
   735 | D:2      | Mangled by a sixfirhy

Illustrated notes

Levels and vault maps discovered:
D:1:      evilmike_arrival_crescent, layout_basic,
          dreamdust_ecumenical_altar_grove
D:2:      layout_basic, amcnicky_mini_pool_small, uniq_crazy_yiuf_cottage

Skill      XL: |  1  2 |
---------------+-------+-----
Dodging        | 1 2 |  2.0
Fighting       | |  4.0
Long Blades    | |  1.0
Staves         | |  1.0
Stealth        | |  4.0
Shields        | |  1.0

Action                   || total
-------------------------++-------
Melee: Dagger            ||    22
       Constrict         ||     4
       Tentacles         ||     3
Invok: Renounce Religion ||     1
 Stab: Sleeping          ||     3
Armor: Skin              ||     4
Dodge: Dodged            ||    10

Table legend: (Time is in decaauts)
 A = Elapsed time spent in this place.
 B = Non-inter-level travel time spent in this place.
 C = Inter-level travel time spent in this place.
 D = Time resting spent in this place.
 E = Time spent auto-exploring this place.
 F = Levels seen in this place.
 G = Mean time per level.
                   A        B        C        D        E       F      G
               +--------+--------+--------+--------+--------+-----+--------+
         Total |    733 |    681 |     52 |      0 |    586 |   2 |  366.5 |
       Dungeon |    733 |    681 |     52 |      0 |    586 |   2 |  366.5 |
               +--------+--------+--------+--------+--------+-----+--------+

Top non-repeatable levels by time:
     D:1: 527 daAuts
     D:2: 206 daAuts
